[ AOE2 MATCH · #493979485 ]
UnrankedWu vs Portuguese
Player's team · LOSS
[ REPLAY ANALYSIS · EXTRACTED FROM THE RECORDED GAME ]
Feudal
10:32
Castle
25:21
Imperial
—
| APM avg | 70.0 |
| APM peak | 151 |
| eAPM avg | 38.3 |
| Villagers / military | 125 / 36 |
Focus
⚔️ 33.1% · 🌾 66.9%
Unknown (1944) ×15 · Archer ×12 · Mangonel ×12 · Monk ×7 · Spearman ×3 · Skirmisher ×2
Feudal
11:34
Castle
18:15
Imperial
34:18
| APM avg | 53.8 |
| APM peak | 95 |
| eAPM avg | 22.7 |
| Villagers / military | 103 / 96 |
Focus
⚔️ 33.3% · 🌾 66.7%
Archer ×75 · Knight ×7 · Mangonel ×5 · Monk ×4 · Militia ×2 · Bombard Cannon ×2
Match map
Initial resources + every placement click. Lines = walls · curves = elevation contours. ◆ gold · ⬟ stone · ● berries · ✦ relic · ◌ wall gap
Your base· Open — unwalled flank
Voxer El Brazilian's base· Open — unwalled flank
Smoothed initial terrain · ◌ = detected wall gap · hover for details
Inputs per minute
— 奉天讨贼 Latin America lagge - - Voxer El Brazilian
Build order — 奉天讨贼 Latin America lagge
First 150 of 285 actions detected
| 0:00 | Create | Villager (Male) |
| 0:02 | Build | House |
| 0:02 | Build | House |
| 0:03 | Create | Villager (Male) |
| 0:04 | Create | Villager (Male) |
| 0:04 | Create | Villager (Male) |
| 1:33 | Create | Villager (Male) |
| 1:33 | Create | Villager (Male) |
| 2:01 | Build | Lumber Camp |
| 2:07 | Create | Villager (Male) |
| 2:07 | Create | Villager (Male) |
| 2:46 | Create | Villager (Male) |
| 2:46 | Create | Villager (Male) |
| 3:03 | Build | Mill |
| 3:19 | Create | Villager (Male) |
| 3:19 | Create | Villager (Male) |
| 3:47 | Create | Villager (Male) |
| 3:48 | Create | Villager (Male) |
| 4:09 | Build | House |
| 4:14 | Create | Villager (Male) |
| 4:14 | Create | Villager (Male) |
| 4:56 | Create | Villager (Male) |
| 4:59 | Create | Villager (Male) |
| 4:59 | Create | Villager (Male) |
| 5:23 | Build | Mill |
| 5:28 | Create | Villager (Male) |
| 5:28 | Create | Villager (Male) |
| 5:54 | Create | Villager (Male) |
| 5:54 | Create | Villager (Male) |
| 6:20 | Create | Villager (Male) |
| 6:20 | Create | Villager (Male) |
| 6:32 | Create | Villager (Male) |
| 6:33 | Create | Villager (Male) |
| 6:33 | Create | Villager (Male) |
| 6:33 | Create | Villager (Male) |
| 6:33 | Create | Villager (Male) |
| 6:39 | Build | House |
| 7:00 | Create | Villager (Male) |
| 7:00 | Create | Villager (Male) |
| 7:23 | Create | Villager (Male) |
| 7:48 | Research | Loom |
| 8:22 | Research | Feudal Age |
| 8:22 | Research | Feudal Age |
| 8:40 | Build | Palisade Wall |
| 8:40 | Build | Palisade Wall |
| 8:45 | Build | Palisade Wall |
| 8:46 | Build | Palisade Wall |
| 8:48 | Build | Palisade Wall |
| 8:54 | Build | Mining Camp |
| 9:21 | Create | Villager (Male) |
| 10:24 | Build | Barracks |
| 10:32 | Age | Feudal Age |
| 10:54 | Create | Villager (Male) |
| 10:54 | Create | Villager (Male) |
| 11:15 | Build | House |
| 11:16 | Build | House |
| 11:20 | Research | Double-Bit Axe |
| 11:50 | Build | Archery Range |
| 11:54 | Create | Villager (Male) |
| 11:57 | Create | Villager (Male) |
| 12:06 | Build | Mining Camp |
| 12:30 | Create | Villager (Male) |
| 12:34 | Create | Archer |
| 12:43 | Create | Archer |
| 12:47 | Create | Villager (Male) |
| 12:52 | Build | Outpost |
| 13:00 | Build | Blacksmith |
| 13:03 | Create | Villager (Male) |
| 13:05 | Create | Archer |
| 13:15 | Create | Archer |
| 13:19 | Create | Archer |
| 13:35 | Build | Outpost |
| 13:42 | Build | Outpost |
| 13:43 | Create | Villager (Male) |
| 13:44 | Create | Archer |
| 13:51 | Build | House |
| 14:10 | Research | Fletching |
| 14:13 | Build | House |
| 14:25 | Research | Padded Archer Armor |
| 14:26 | Create | Archer |
| 14:28 | Build | Farm |
| 14:31 | Build | Watch Tower |
| 14:43 | Create | Villager (Male) |
| 14:44 | Create | Villager (Male) |
| 14:51 | Build | House |
| 14:56 | Create | Villager (Male) |
| 15:05 | Create | Skirmisher |
| 15:17 | Build | Farm |
| 15:31 | Create | Villager (Male) |
| 15:31 | Create | Villager (Male) |
| 15:34 | Build | Farm |
| 15:36 | Build | Farm |
| 15:40 | Create | Skirmisher |
| 15:40 | Create | Villager (Male) |
| 15:45 | Build | Farm |
| 15:56 | Create | Archer |
| 15:57 | Create | Villager (Male) |
| 16:40 | Create | Archer |
| 16:46 | Build | Farm |
| 16:52 | Create | Archer |
| 16:53 | Create | Villager (Male) |
| 17:01 | Build | Lumber Camp |
| 17:21 | Create | Archer |
| 17:21 | Create | Villager (Male) |
| 17:22 | Create | Villager (Male) |
| 17:23 | Create | Villager (Male) |
| 17:39 | Build | Watch Tower |
| 17:47 | Build | Farm |
| 17:50 | Build | Farm |
| 17:53 | Build | House |
| 17:54 | Build | House |
| 18:31 | Build | Watch Tower |
| 18:41 | Build | Mining Camp |
| 18:43 | Create | Villager (Male) |
| 18:50 | Build | Watch Tower |
| 18:58 | Create | Villager (Male) |
| 19:01 | Build | Watch Tower |
| 19:28 | Create | Spearman |
| 19:29 | Create | Spearman |
| 19:36 | Create | Spearman |
| 21:02 | Build | Market |
| 21:21 | Create | Villager (Male) |
| 22:28 | Build | Watch Tower |
| 22:41 | Research | Castle Age |
| 22:41 | Research | Castle Age |
| 22:41 | Research | Castle Age |
| 22:48 | Build | Lumber Camp |
| 22:59 | Build | Stable |
| 23:00 | Build | Stable |
| 23:24 | Create | Archer |
| 23:27 | Research | Scale Barding Armor |
| 23:44 | Build | House |
| 24:05 | Build | Farm |
| 24:07 | Create | Villager (Male) |
| 24:52 | Build | Farm |
| 25:16 | Research | Bloodlines |
| 25:21 | Age | Castle Age |
| 25:34 | Create | Unit 1944 |
| 25:34 | Create | Unit 1944 |
| 25:34 | Create | Villager (Male) |
| 25:37 | Create | Villager (Male) |
| 25:42 | Create | Villager (Male) |
| 25:44 | Build | Town Center |
| 25:51 | Create | Unit 1944 |
| 25:52 | Create | Unit 1944 |
| 26:28 | Create | Villager (Male) |
| 26:29 | Create | Villager (Male) |
| 26:29 | Create | Villager (Male) |
| 27:03 | Build | Monastery |
| 27:16 | Create | Villager (Male) |
Build order — Voxer El Brazilian
First 150 of 316 actions detected
| 0:01 | Create | Villager (Male) |
| 0:01 | Create | Villager (Male) |
| 0:02 | Build | House |
| 0:02 | Build | House |
| 0:13 | Create | Villager (Male) |
| 0:13 | Create | Villager (Male) |
| 0:14 | Create | Villager (Male) |
| 1:19 | Create | Villager (Male) |
| 1:20 | Create | Villager (Male) |
| 1:53 | Create | Villager (Male) |
| 1:54 | Create | Villager (Male) |
| 2:12 | Build | Lumber Camp |
| 2:36 | Create | Villager (Male) |
| 2:36 | Create | Villager (Male) |
| 2:37 | Create | Villager (Male) |
| 3:08 | Create | Villager (Male) |
| 3:08 | Create | Villager (Male) |
| 3:11 | Build | House |
| 3:24 | Create | Villager (Male) |
| 3:25 | Create | Villager (Male) |
| 3:53 | Create | Villager (Male) |
| 4:28 | Create | Villager (Male) |
| 4:37 | Create | Villager (Male) |
| 4:51 | Create | Villager (Male) |
| 5:21 | Build | Barracks |
| 5:29 | Create | Villager (Male) |
| 5:56 | Create | Villager (Male) |
| 6:03 | Build | House |
| 6:41 | Create | Militia |
| 6:41 | Create | Militia |
| 6:49 | Create | Villager (Male) |
| 6:51 | Build | Mill |
| 7:17 | Create | Villager (Male) |
| 7:40 | Create | Villager (Male) |
| 7:51 | Build | Mill |
| 7:58 | Build | House |
| 8:02 | Create | Villager (Male) |
| 8:07 | Research | Loom |
| 8:32 | Create | Villager (Male) |
| 8:54 | Create | Villager (Male) |
| 9:24 | Research | Feudal Age |
| 9:24 | Research | Feudal Age |
| 9:43 | Build | Mining Camp |
| 9:55 | Build | House |
| 9:56 | Build | Palisade Wall |
| 10:48 | Create | Villager (Male) |
| 11:02 | Build | Palisade Wall |
| 11:34 | Age | Feudal Age |
| 11:39 | Create | Villager (Male) |
| 11:49 | Build | Archery Range |
| 11:51 | Build | Blacksmith |
| 11:58 | Create | Villager (Male) |
| 12:02 | Build | Farm |
| 12:03 | Build | Farm |
| 12:05 | Research | Double-Bit Axe |
| 12:06 | Research | Double-Bit Axe |
| 12:15 | Build | Farm |
| 12:17 | Build | Farm |
| 12:18 | Create | Villager (Male) |
| 12:33 | Build | House |
| 12:39 | Create | Archer |
| 12:43 | Build | Palisade Wall |
| 12:46 | Build | Farm |
| 12:50 | Create | Villager (Male) |
| 13:11 | Build | Palisade Wall |
| 13:13 | Create | Archer |
| 13:15 | Create | Villager (Male) |
| 13:22 | Build | Farm |
| 13:29 | Create | Archer |
| 13:30 | Research | Fletching |
| 13:36 | Create | Villager (Male) |
| 14:09 | Create | Archer |
| 14:20 | Create | Villager (Male) |
| 14:22 | Build | Farm |
| 14:23 | Build | Farm |
| 14:34 | Build | Lumber Camp |
| 14:41 | Create | Archer |
| 14:56 | Create | Villager (Male) |
| 15:08 | Create | Archer |
| 15:18 | Build | Farm |
| 15:35 | Research | Castle Age |
| 15:50 | Build | Stable |
| 16:01 | Create | Archer |
| 16:03 | Build | House |
| 16:12 | Research | Gold Mining |
| 16:14 | Build | House |
| 16:39 | Create | Archer |
| 16:49 | Build | House |
| 16:55 | Research | Horse Collar |
| 16:55 | Research | Horse Collar |
| 17:18 | Research | Bloodlines |
| 17:19 | Research | Bloodlines |
| 17:31 | Build | Farm |
| 17:32 | Create | Archer |
| 18:10 | Create | Archer |
| 18:15 | Age | Castle Age |
| 18:16 | Build | Farm |
| 18:18 | Create | Knight |
| 18:19 | Research | Scale Barding Armor |
| 18:19 | Research | Scale Barding Armor |
| 18:24 | Build | Siege Workshop |
| 18:37 | Build | Siege Workshop |
| 18:54 | Create | Villager (Male) |
| 18:57 | Create | Archer |
| 19:08 | Build | Watch Tower |
| 19:11 | Build | Mill |
| 19:12 | Build | Farm |
| 19:13 | Build | Farm |
| 19:13 | Build | Farm |
| 19:18 | Create | Villager (Male) |
| 19:38 | Create | Villager (Male) |
| 19:42 | Create | Mangonel |
| 19:43 | Create | Mangonel |
| 19:49 | Create | Archer |
| 19:58 | Create | Villager (Male) |
| 20:11 | Create | Villager (Male) |
| 20:16 | Build | Farm |
| 20:37 | Create | Villager (Male) |
| 20:43 | Build | Farm |
| 20:43 | Build | Farm |
| 20:55 | Create | Knight |
| 21:00 | Create | Villager (Male) |
| 21:16 | Build | Market |
| 21:40 | Create | Villager (Male) |
| 21:46 | Create | Scout Cavalry |
| 21:49 | Create | Knight |
| 21:56 | Create | Archer |
| 22:02 | Create | Villager (Male) |
| 22:09 | Create | Archer |
| 22:26 | Build | Farm |
| 22:27 | Create | Villager (Male) |
| 22:37 | Build | House |
| 22:40 | Research | Crossbowman (upgrade) |
| 22:40 | Research | Crossbowman (upgrade) |
| 22:43 | Research | Bodkin Arrow |
| 22:43 | Research | Bodkin Arrow |
| 22:48 | Build | Farm |
| 22:49 | Build | Farm |
| 22:53 | Build | Farm |
| 23:03 | Create | Villager (Male) |
| 23:06 | Create | Archer |
| 23:29 | Create | Villager (Male) |
| 23:31 | Create | Knight |
| 23:40 | Create | Villager (Male) |
| 23:52 | Create | Mangonel |
| 23:56 | Build | Farm |
| 23:59 | Build | Farm |
| 24:29 | Build | Farm |
| 24:30 | Create | Villager (Male) |
| 24:41 | Create | Villager (Male) |
Match timeline
| 5:21 | Voxer El Brazilian · first_building Barracks |
| 8:40 | 奉天讨贼 Latin America lagge · wall_segment Palisade Wall x1 |
| 8:40 | 奉天讨贼 Latin America lagge · wall_segment Palisade Wall x1 |
| 8:45 | 奉天讨贼 Latin America lagge · wall_segment Palisade Wall x1 |
| 8:46 | 奉天讨贼 Latin America lagge · wall_segment Palisade Wall x1 |
| 8:48 | 奉天讨贼 Latin America lagge · wall_segment Palisade Wall x1 |
| 9:56 | Voxer El Brazilian · wall_segment Palisade Wall x1 |
| 10:24 | 奉天讨贼 Latin America lagge · first_building Barracks |
| 10:32 | 奉天讨贼 Latin America lagge · age_up feudal |
| 11:02 | Voxer El Brazilian · wall_segment Palisade Wall x4 |
| 11:34 | Voxer El Brazilian · age_up feudal |
| 11:49 | Voxer El Brazilian · first_building Archery Range |
| 11:50 | 奉天讨贼 Latin America lagge · first_building Archery Range |
| 12:43 | Voxer El Brazilian · wall_segment Palisade Wall x1 |
| 13:11 | Voxer El Brazilian · wall_segment Palisade Wall x12 |
| 15:50 | Voxer El Brazilian · first_building Stable |
| 18:15 | Voxer El Brazilian · age_up castle |
| 18:24 | Voxer El Brazilian · first_building Siege Workshop |
| 22:03 | 奉天讨贼 Latin America lagge · first_market_sell 100 wood |
| 22:05 | 奉天讨贼 Latin America lagge · first_market_buy 100 food |
| 22:39 | Voxer El Brazilian · first_market_buy 100 food |
| 22:59 | 奉天讨贼 Latin America lagge · first_building Stable |
| 25:07 | Voxer El Brazilian · first_building Monastery |
| 25:21 | 奉天讨贼 Latin America lagge · age_up castle |
| 27:03 | 奉天讨贼 Latin America lagge · first_building Monastery |
| 27:32 | 奉天讨贼 Latin America lagge · first_building Siege Workshop |
| 31:01 | Voxer El Brazilian · first_market_sell 500 wood |
| 34:18 | Voxer El Brazilian · age_up imperial |
| 42:12 | 奉天讨贼 Latin America lagge · resign |
[ AI ANALYSIS · 1 CREDIT ]
What really happened in this match?
Wolo.gg analyzes every decision: build order, eco, micro, common mistakes by bracket. Personalized analysis on WhatsApp or Discord in 30 seconds.
Civ guide
Wu
Perfil
奉天讨贼 Latin America lagge